 Dungeon Crawl Stone Soup version 0.23.2-1-ga50397a (webtiles) character file.

Game seed: 6805482966667306846

45 d3adstar the Poker (level 3, -1/31 HPs)
             Began as a Centaur Monk on May 26, 2019.
             Slain by Jessica (4 damage)
             ... on level 2 of the Dungeon.
             The game lasted 00:09:14 (668 turns).

d3adstar the Poker (Centaur Monk)                    Turns: 668, Time: 00:09:15

Health: -1/31      AC:  7    Str: 11 (14) XL:     3   Next: 42%
Magic:  3/3        EV:  8    Int:  9      God:
Gold:   45         SH:  0    Dex: 11 (13) Spells: 2/2 levels left

rFire    . . .     SeeInvis .   a - +0 spear
rCold    . . .     Gourm    .   (no shield)
rNeg     . . .     Faith    .   d - +1 scale mail
rPois    .         Spirit   .   (helmet restricted)
rElec    .         Reflect  .   (no cloak)
rCorr    .         Harm     .   (no gloves)
MR       .....                  (no barding)
Stlth    ..........             (no amulet)
HPRegen  0.00/turn              (no ring)
MPRegen  0.08/turn              (no ring)

@: lethally poisoned (-1 -> -4), very quick
A: large, antennae 1, hooves 3, agile 1, deformed body, speed 2, inhibited
regeneration, tough skin 3, sturdy frame 1
a: no special abilities


You were on level 2 of the Dungeon.
You were full.

You visited 1 branch of the dungeon, and saw 2 of its levels.

You collected 45 gold pieces.

Inventory:

Hand Weapons
 a - a +0 spear (weapon)
 e - a +0 whip
 f - a +0 club
 g - a +0 whip
 i - a +0 club
 m - a +0 dagger
Missiles
 j - 11 stones (quivered)
 l - 21 sling bullets
Armour
 b - a +0 robe
 d - a +1 scale mail (worn)
 k - a +0 scale mail
Comestibles
 c - 4 rations


   Skills:
 + Level 3.4 Fighting
 + Level 3.6 Polearms
 + Level 2.3 Dodging
 + Level 1.1 Stealth


You had 2 spell levels left.
You didn't know any spells.
Your spell library was empty.

Dungeon Overview and Level Annotations

Branches:
Dungeon (2/15)

Altars:
Cheibriados
Vehumet
Yredelemnul

Annotations:
D:2 Jessica


Innate Abilities, Weirdness & Mutations

You have hooves in place of feet.
Armour fits poorly on your strangely shaped body.
You cover ground very quickly.
You have extremely tough skin. (AC +3)
You have a pair of small antennae on your head.
You are agile. (Dex +2)
You do not regenerate when monsters are visible.
Your movements are slightly less encumbered by armour. (ER -2)


Message History

You hit Jessica.
Jessica is moderately wounded.
Jessica hits you.
* * * LOW HITPOINT WARNING * * *
Your scale mail prevents you from hitting Jessica.
You kick Jessica.
Jessica is heavily wounded.
* * * LOW HITPOINT WARNING * * *
You feel sick. Jessica completely misses you.
You barely miss Jessica.
Jessica is heavily wounded.
Jessica barely misses you.
You hit Jessica but do no damage.
Jessica is heavily wounded.
Jessica closely misses you.
An adder comes into view.
You closely miss Jessica.
Jessica is heavily wounded.
Jessica hits you.
You die...

................
#.#.#.#...S.....
...............#
#.#.#.#.>.....#
..............#
#...........#
#....@)...?.#..
#.....@........
#...........##.
##..........#
#..........##
#.....%....#
#..........#
#..........#
#..........#


You could see an adder and Jessica.

Vanquished Creatures
  4 dart slugs (D:1)
  2 leopard geckos (D:1)
  2 giant cockroaches (D:1)
  2 goblins (D:1)
  5 hobgoblins
  3 jackals (D:1)
  3 kobolds (D:1)
  5 bats
  3 frilled lizards (D:1)
  3 rats (D:1)
32 creatures vanquished.

Notes
Turn   | Place    | Note
-------+----------+-------------------------------------------
     0 | D:1      | d3adstar the Centaur Monk began the quest for the Orb.
     0 | D:1      | Reached XP level 1. HP: 19/19 MP: 1/1
   108 | D:1      | Reached XP level 2. HP: 8/26 MP: 2/2
   129 | D:1      | Gained mutation: You have a pair of small antennae on your
                  | head. [potion of mutation]
   129 | D:1      | Gained mutation: You are agile. (Dex +2) [potion of
                  | mutation]
   129 | D:1      | Gained mutation: You do not regenerate when monsters are
                  | visible. [potion of mutation]
   129 | D:1      | Gained mutation: Your movements are slightly less
                  | encumbered by armour. (ER -2) [potion of mutation]
   270 | D:1      | Reached XP level 3. HP: 8/31 MP: 3/3
   620 | D:2      | Found a snail-covered altar of Cheibriados.
   626 | D:2      | Found a basalt altar of Yredelemnul.
   628 | D:2      | Found a radiant altar of Vehumet.
   660 | D:2      | Noticed Jessica
   668 | D:2      | Slain by Jessica

Skill      XL: |  1 |
---------------+----+-----
Polearms       | 3 |  3.6
Fighting       | |  3.4
Dodging        | |  2.3
Stealth        | |  1.1

Action                   || total
-------------------------++-------
Melee: Spear             ||   120
       Kick              ||    22
Throw: Stone             ||     9
  Use: Scroll            ||     5
       Potion            ||     3
  Eat: Ration            ||     1
Armor: Robe              ||     9
       Scale mail        ||    43
       Skin              ||     2
Dodge: Dodged            ||    53
